 Dungeon Crawl Stone Soup version 0.31-a0-23-gcbde74481b (webtiles) character file.

Game seed: 3454066340163334081

(classic levelgen) 1 Amnesiac the Charlatan (level 1, -1/9 HPs)
             Began as a Spriggan Artificer on May 13, 2023.
             Slain by a hobgoblin (5 damage)
             ... on level 2 of the Dungeon.
             The game lasted 00:00:18 (143 turns).

Amnesiac the Charlatan (Spriggan Artificer)          Turns: 143, Time: 00:00:19

Health: -1/9       AC:  2    Str:  8    XL:     1   Next: 16%
Magic:  2/2        EV: 17    Int: 12    God:
Gold:   11         SH:  0    Dex: 15    Spells: 0/0 levels left

rFire   . . .        a - +0 club
rCold   . . .        (no shield)
rNeg    . . .        b - +0 robe
rPois   +            (helmet restricted)
rElec   .            (no cloak)
rCorr   .            (gloves unavailable)
SInv    +            (boots unavailable)
Will    .....        (no amulet)
Stlth   ++           g - ring of poison resistance
HPRegen 0.21/turn    (no ring)
MPRegen 0.08/turn

%: no passive effects
@: very quick
A: very small, no large weapons, unfitting armour, see invisible, speed 3
a: no special abilities


You were on level 2 of the Dungeon.
You visited 1 branch of the dungeon, and saw 2 of its levels.

You collected 11 gold pieces.

Inventory:

Hand Weapons
 a - a +0 club (weapon)
Armour
 b - a +0 robe (worn)
Jewellery
 g - a ring of poison resistance (left hand)
Wands
 c - a wand of flame (15) (quivered)
 d - a wand of charming (15)
 e - a wand of iceblast (5)
Scrolls
 h - a scroll of fog {!r, unknown}
Potions
 f - a potion of haste {!q, unknown}


   Skills:
 - Level 0.7 Fighting
 - Level 3.2 Dodging
 - Level 1.5 Stealth
 + Level 4.1 Evocations


You couldn't memorise any spells.
You didn't know any spells.
Your spell library was empty.

Dungeon Overview and Level Annotations

Branches:
Dungeon (2/15)

Altars:


Innate Abilities, Weirdness & Mutations

You are very small and have problems with some larger weapons.
You are too small for most types of armour.
You have supernaturally acute eyesight. (SInv)
You cover ground extremely quickly. (Speed+++)


Message History

Options error: Bad object type '%\/}|' for autopickup. (~/.crawlrc:8) Welcome, Amnesiac the Spriggan Artificer.
Below lies the Orb of Zot, rumoured to be powerful enough to resurrect a god...
Press ? for a list of commands and other information.
Found a staircase leading out of the dungeon.
You open the door.
There is an open door here.
As you open the door, it creaks loudly!
There is an open door here.
You open the door.
There is an open door here.
f - a puce potion {!q} You now have 11 gold pieces.
A frilled lizard comes into view.
A frilled lizard is nearby!
Found a black potion.
Found a stone staircase leading down.
There is a stone staircase leading down here.
You climb downwards.
There is a stone staircase leading up here.
Found a stone staircase leading down.
Found an escape hatch in the floor.
A hobgoblin comes into view.
Found a marble ring.
You see here a ring of poison resistance.
g - a ring of poison resistance
g - a ring of poison resistance (left hand)
Found a scroll labelled JAOLORIEBE.
h - a scroll labelled JAOLORIEBE {!r} A hobgoblin comes into view.
The hobgoblin shouts!
A hobgoblin comes into view.
Found a scroll labelled VIUXED SIEGITAESI and a scroll labelled UPAFANIGGO.
Found a stone staircase leading up.
The hobgoblin shouts!
The hobgoblin hits you.
You hit the hobgoblin.
The hobgoblin is almost dead.
The hobgoblin barely misses you. The hobgoblin closely misses you.
You hit the hobgoblin but do no damage.
The hobgoblin is almost dead.
The hobgoblin completely misses you.
You barely miss the hobgoblin.
The hobgoblin is severely wounded.
The hobgoblin barely misses you.
You hit the hobgoblin but do no damage.
The hobgoblin is severely wounded.
The hobgoblin closely misses you.
You hit the hobgoblin.
You kill the hobgoblin!
You hit the hobgoblin.
The hobgoblin is severely wounded.
The hobgoblin barely misses you.
You hit the hobgoblin but do no damage.
The hobgoblin is severely wounded.
The hobgoblin hits you.
You hit the hobgoblin.
The hobgoblin is almost dead.
The hobgoblin hits you.
* * * LOW HITPOINT WARNING * * *
The hobgoblin hits you.
Ouch! That really hurt!
You die...

#.#.# #.## #>#.# #...
#.#.# #.?# #.#.# #..#
#.#.# #..# #...#
#..#########..#
#............<#
#.#####@#########.######
#.?<..†g.#..............
#######..#.######.######
#..# ####.######
####..#.# #..........
#.......# #.##.######
#.##..#.###.##.#
#.##......#.##.####
#.##..###.#........


You could see a hobgoblin.

Vanquished Creatures
  A hobgoblin (D:2)
1 creature vanquished.

Notes
Turn   | Place    | Note
-------+----------+-------------------------------------------
     0 | D:1      | Amnesiac the Spriggan Artificer began the quest for the
                  | Orb.
     0 | D:1      | Reached XP level 1. HP: 9/9 MP: 2/2
   143 | D:2      | Slain by a hobgoblin

Illustrated notes

Levels and vault maps discovered:
D:1:      dpeg_arrival_another_circle, layout_loops_cross
D:2:      cheibrodos_greedy_goblins, layout_loops_ring

Action                     || total
---------------------------++-------
  Melee: Club              ||     8
  Dodge: Dodged            ||     6

Table legend: (Time is in decaauts)
 A = Elapsed time spent in this place.
 B = Non-inter-level travel time spent in this place.
 C = Inter-level travel time spent in this place.
 D = Time resting spent in this place.
 E = Time spent auto-exploring this place.
 F = Levels seen in this place.
 G = Mean time per level.
                   A        B        C        D        E       F      G
               +--------+--------+--------+--------+--------+-----+--------+
         Total |     93 |     93 |      0 |      0 |     54 |   2 |   46.5 |
       Dungeon |     93 |     93 |      0 |      0 |     54 |   2 |   46.5 |
               +--------+--------+--------+--------+--------+-----+--------+

Top non-repeatable levels by time:
     D:1: 47 daAuts
     D:2: 46 daAuts
